 Dungeon Crawl Stone Soup version 0.32-a0-42-ga30500b4d3 (webtiles) character file.

Game seed: 14434024291117545955

41 CougarLife the Sneak (level 3, 0/19 HPs)
             Began as a Gargoyle Earth Elementalist on Jan 29, 2024.
             Slain by a goblin
             ... wielding a +0 dagger
             ... led by Robin
              (2 damage)
             ... on level 2 of the Dungeon.
             The game lasted 00:04:01 (1861 turns).

CougarLife the Sneak (Gargoyle Earth Elementalist)  Turns: 1861, Time: 00:04:01

Health: 0/19       AC:  7    Str: 11    XL:     3   Next: 52%
Magic:  4/6        EV: 11    Int: 17    God:
Gold:   115        SH:  0    Dex: 10    Spells: 5/6 levels left

rFire   . . .        h - +0 short sword
rCold   . . .        (no shield)
rNeg    + . .        a - +0 robe
rPois   ∞            i - +0 helmet
rElec   +            (no cloak)
rCorr   .            (no gloves)
SInv    .            e - +0 pair of boots
Will    .....        (no amulet)
Stlth   ++           (no ring)
HPRegen 0.23/turn    (no ring)
MPRegen 0.10/turn

%: no passive effects
@: no status effects
A: sickness immunity, AC +3, negative energy resistance 1, electricity
resistance, torment resistance 1, petrification resistance
a: no special abilities


You were on level 2 of the Dungeon.
You visited 1 branch of the dungeon, and saw 3 of its levels.

You collected 115 gold pieces.

Inventory:

Hand Weapons
 h - a +0 short sword (weapon)
Armour
 a - a +0 robe (worn)
 e - a +0 pair of boots (worn)
 i - a +0 helmet (worn)
Scrolls
 d - a scroll of enchant weapon {unknown}
 f - a scroll of vulnerability {unknown}
 g - a scroll of amnesia {unknown}
 j - 2 scrolls of fog {unknown}
 k - a scroll of noise {unknown}
 n - a scroll of teleportation {unknown}
Potions
 b - a potion of magic
 c - 2 potions of enlightenment {unknown}
 l - 2 potions of lignification {unknown}
 m - a potion of cancellation {unknown}
 o - a potion of mutation {unknown}


   Skills:
 - Level 1.5 Dodging
 - Level 4.1 Stealth
 - Level 2.0 Spellcasting
 - Level 1.1 Conjurations
 + Level 4.1 Earth Magic


You had 5 spell levels left.
You knew the following spells:

 Your Spells              Type           Power      Damage    Failure   Level
a - Sandblast             Erth           30%        2d9       3%          1

Your spell library contained the following spells:

 Spells                   Type           Power      Damage    Failure   Level
 Passwall                 Erth           15%        N/A       11%         3
 Stone Arrow              Conj/Erth      20%        3d8       21%         3
 Brom's Barrelling Bould  Conj/Erth      10%        2d3       54%         4
 Petrify                  Alch/Erth      8%         N/A       63%         4


Dungeon Overview and Level Annotations

Branches:
Dungeon (3/15)

Altars:
Ru

Annotations:
D:3 Robin


Innate Abilities, Weirdness & Mutations

You are immune to sickness and miasma.
Your stone body is resilient. (AC +3)
You are immune to poison.
You resist negative energy. (rN+)
You are resistant to electric shocks. (rElec)
You are resistant to unholy torment.
You are immune to petrification.


Message History

The goblin hits you with a +0 club. The goblin barely misses you.
The goblin hits you but does no damage. The goblin closely misses you.
The goblin hits you with a +0 club.
The hobgoblin hits you but does no damage.
You closely miss the hobgoblin. The goblin closely misses you.
The hobgoblin barely misses you. The goblin hits you but does no damage.
The goblin hits you with a +0 club. The goblin hits you but does no damage.
You hit the hobgoblin but do no damage. The goblin closely misses you.
The hobgoblin barely misses you. The goblin closely misses you.
The goblin hits you but does no damage. The goblin barely misses you.
You barely miss the hobgoblin. The goblin hits you with a +0 dagger.
The hobgoblin hits you but does no damage.
The goblin hits you but does no damage. The goblin barely misses you.
The goblin hits you with a +0 club.
You hit the hobgoblin.
The hobgoblin is lightly wounded.
The goblin barely misses you.
The hobgoblin hits you but does no damage.
The goblin barely misses you. The goblin hits you with a +0 club.
* * * LOW HITPOINT WARNING * * *
The goblin closely misses you.
You barely miss the hobgoblin.
The hobgoblin is lightly wounded.
The goblin hits you with a +0 dagger.
* * * LOW HITPOINT WARNING * * *
The hobgoblin misses you. The goblin hits you but does no damage.
The goblin hits you with a +0 club.
* * * LOW HITPOINT WARNING * * *
The goblin barely misses you.
Casting: Sandblast (safe; 3% risk of failure)
Confirm with . or Enter, or press ? or * to list all spells.
Aiming: Sandblast (safe; 3% risk of failure)
Press: ? - help, Shift-Dir - straight line, f - hobgoblin
Aim: a hobgoblin (lightly wounded, 82% to hit)
The blast of sand hits the hobgoblin!
You kill the hobgoblin!
The goblin hits you but does no damage. x2; The goblin closely misses you.
The goblin barely misses you. The goblin hits you with a +0 dagger.
You die...

##.######.#.#.#..# #..
#.# #.#.#.##.#####..
#.######.#.#.##.#......
#.##.....#.#.##.#.####.
#.##.##.[..#.##........
#.##.##.####.######.###
#..................÷...
#.####.......######'###
#.# #@g...............
#.# #>g...............
#.# #gg...............
#.# #g................
#.# ###'##'#.........#
#.# #....#..........
#.# #....#....<.....
#.# #....#..........
#.# #...^'..........


You could see 5 goblins.

Vanquished Creatures
  An adder (D:2)
  A dart slug (D:1)
  5 endoplasms
  4 goblins
  6 hobgoblins
  A quokka (D:2)
  2 ball pythons (D:1)
  2 bats
  4 frilled lizards
  A kobold (D:1)
  A rat (D:1)
28 creatures vanquished.

Notes
Turn   | Place    | Note
-------+----------+-------------------------------------------
     0 | D:1      | CougarLife the Gargoyle Earth Elementalist began the quest
                  | for the Orb.
     0 | D:1      | Reached XP level 1. HP: 10/10 MP: 3/3
   358 | D:1      | Reached XP level 2. HP: 15/15 MP: 0/5
  1093 | D:2      | Reached XP level 3. HP: 19/19 MP: 3/6
  1140 | D:2      | Found a sacrificial altar of Ru.
  1846 | D:3      | Noticed Robin
  1861 | D:2      | Slain by a goblin

Illustrated notes

Levels and vault maps discovered:
D:1:      dpeg_arrival_pond, layout_basic
D:2:      layout_basic, basic_altar
D:3:      layout_rooms, ebering_ecumenical_altar_webs,
          kennysheep_generic_room_6, uniq_robin

Skill      XL: |  1  2  3 |
---------------+----------+-----
Stealth        | 3 4 |  4.1
Earth Magic    | 4 |  4.1
Dodging        | |  1.5
Spellcasting   | |  2.0
Conjurations   | |  1.1

Action                     || total
---------------------------++-------
  Melee: Unarmed           ||     6
         Short sword       ||     8
   Cast: Sandblast         ||    34
 Armour: Robe              ||    38
  Dodge: Dodged            ||    32

Table legend: (Time is in decaauts)
 A = Elapsed time spent in this place.
 B = Non-inter-level travel time spent in this place.
 C = Inter-level travel time spent in this place.
 D = Time resting spent in this place.
 E = Time spent auto-exploring this place.
 F = Levels seen in this place.
 G = Mean time per level.
                   A        B        C        D        E       F      G
               +--------+--------+--------+--------+--------+-----+--------+
         Total |   1879 |   1802 |     77 |     78 |   1509 |   3 |  626.3 |
       Dungeon |   1879 |   1802 |     77 |     78 |   1509 |   3 |  626.3 |
               +--------+--------+--------+--------+--------+-----+--------+

Top non-repeatable levels by time:
     D:2: 1095 daAuts
     D:1: 779 daAuts
     D:3: 4 daAuts
